 Dungeon Crawl Stone Soup version 0.30-a0-585-g93115170b9 (webtiles) character file.

Game seed: 16633311825587590165

16399 bmack86 the Cleaver (level 12, -15/106 HPs)
             Began as a Minotaur Fighter on Jan 2, 2023.
             Was a High Priest of Okawaru.
             Demolished by Sonja
             ... wielding a +2 short sword of distortion
              (19 damage)
             ... on level 1 of the Lair of Beasts.
             The game lasted 00:30:27 (9665 turns).

bmack86 the Cleaver (Minotaur Fighter)              Turns: 9665, Time: 00:30:28

Health: -15/106    AC: 31    Str: 31    XL:     12   Next: 9%
Magic:  0/14       EV:  5    Int:  7    God:    Okawaru [*****.]
Gold:   955        SH: 11    Dex: 12    Spells: 11/11 levels left

rFire   . . .      SeeInvis .    a - +1 war axe
rCold   + . .      Faith    .    u - +0 kite shield
rNeg    . . .      Spirit   +    m - +2 crystal plate armour
rPois   .          Reflect  .    S - +0 hat of the Teacher {Int+2}
rElec   .          Harm     .    k - +0 cloak
rCorr   .          Rampage  .    H - +1 pair of gloves of Oxtonawu {Slay+3}
Will    +....                    J - +0 pair of boots Stlth
                                 E - amulet "Eba Fiup" {Spirit rC+ Str+7}
HPRegen 0.37/turn                f - +4 ring of protection
MPRegen 0.14/turn                C - ring of willpower

@: lethally poisoned (-15 -> -21), slowed, very slow
A: horns 2, retaliatory headbutt
a: Renounce Religion, Heroism, Finesse, Duel


You were on level 1 of the Lair of Beasts.
You worshipped Okawaru.
Okawaru was extremely pleased with you.
You visited 2 branches of the dungeon, and saw 12 of its levels.

You collected 991 gold pieces.
You spent 36 gold pieces at shops.

Inventory:

Hand Weapons
 a - a +1 war axe (weapon)
Missiles
 t - 9 boomerangs (quivered)
 M - 5 curare-tipped darts
 O - 9 javelins
 U - a throwing net
Armour
 k - a +0 cloak (worn)
 m - a +2 crystal plate armour (worn)
 n - a +1 pair of gloves of hurling
 u - a +0 kite shield (worn)
 H - the +1 pair of gloves of Oxtonawu (worn) {Slay+3}
   (You found it on level 7 of the Dungeon)

   Slay:      It affects your accuracy & damage with ranged weapons and melee
   (+3).
 J - a +0 pair of boots (worn)
 S - the +0 hat of the Teacher (worn) {Int+2}
   (Okawaru gifted it to you on level 9 of the Dungeon)

   Int:       It affects your intelligence (+2).
Jewellery
 b - a +5 ring of evasion
 e - a ring of protection from fire
 f - a +4 ring of protection (left hand)
 i - a ring of flight
 j - a +6 ring of dexterity
 q - a +6 ring of strength
 v - a +5 ring of evasion
 w - an amulet of regeneration
 y - a +4 ring of protection
 z - an amulet of reflection
 C - a ring of willpower (right hand)
 E - the amulet "Eba Fiup" (around neck) {Spirit rC+ Str+7}
   (You found it on level 6 of the Dungeon)

   [amulet of guardian spirit]

   It causes incoming damage to be divided between your reserves of health and
   magic.
   Str:       It affects your strength (+7).
   rC:        It protects you from cold.
 L - an amulet of guardian spirit
 Q - an amulet of faith
 R - the ring of Fyill {Wiz +Blink rN+ Will++ Dex-3}
   (You found it on level 10 of the Dungeon)

   [ring of wizardry]

   It improves your spell success rate.
   Dex:       It affects your dexterity (-3).
   rN:        It protects you from negative energy.
   +Blink:    It lets you blink.
   Will:      It greatly increases your willpower.
Scrolls
 g - 2 scrolls of enchant weapon
 l - 7 scrolls of teleportation
 p - 3 scrolls of magic mapping
 r - a scroll of fear
 s - a scroll of identify
 A - 2 scrolls of fog
 T - a scroll of blinking
Potions
 c - 3 potions of mutation
 d - 2 potions of might
 h - a potion of ambrosia
 o - 3 potions of curing
 x - 3 potions of lignification
 D - a potion of resistance
 F - 2 potions of flight
 P - 2 potions of brilliance
 W - a potion of berserk rage
Miscellaneous
 I - a tin of tremorstones (2/2)


   Skills:
 + Level 10.2 Fighting
 * Level 13.5 Axes
 + Level 7.7 Throwing
 + Level 10.2 Armour
 + Level 10.2 Shields
 + Level 4.8 Invocations


You had 11 spell levels left.
You didn't know any spells.
Your spell library contained the following spells:

 Spells                   Type           Power      Damage    Failure   Level
 Kiss of Death            Conj/Necr      0%         2d5       100%        1
 Magic Dart               Conj           0%         1d3       100%        1
 Necrotise                Necr           0%         1d4       100%        1
 Scorch                   Fire           0%         2d5       100%        2
 Static Discharge         Conj/Air       0%         2-2/arc   100%        2
 Sublimation of Blood     Necr           0%         N/A       100%        2
 Wereblood                Tmut           0%         N/A       100%        2
 Confusing Touch          Hex            0%         N/A       100%        3
 Gell's Gravitas          Tloc           0%         N/A       100%        3
 Kindle Blastsparks       Fire/Tloc/Air  0%         2d10      100%        3
 Lesser Beckoning         Tloc           0%         N/A       100%        3
 Mephitic Cloud           Conj/Pois/Air  0%         N/A       100%        3
 Portal Projectile        Hex/Tloc       0%         N/A       100%        3
 Stone Arrow              Conj/Erth      0%         3d7       100%        3
 Teleport Other           Tloc           0%         N/A       100%        3
 Vampiric Draining        Necr           0%         2d6       100%        3
 Vhi's Electric Charge    Tloc/Air       0%         N/A       100%        3
 Dispel Undead            Necr           0%         3d6       100%        4
 Flame Wave               Conj/Fire      0%         2d4       100%        4
 Fulminant Prism          Conj/Hex       0%         3d5       100%        4
 Iskenderun's Mystic Bla  Conj/Tloc      0%         2d3       100%        4
 Leda's Liquefaction      Hex/Erth       0%         N/A       100%        4
 Passage of Golubria      Tloc           0%         N/A       100%        4
 Agony                    Necr           0%         N/A       100%        5
 Arcjolt                  Conj/Air       0%         1d10      100%        5
 Fireball                 Conj/Fire      0%         3d3       100%        5
 Iskenderun's Battlesphe  Conj           0%         2d6       100%        5
 Lee's Rapid Deconstruct  Erth           0%         3d4*      100%        5
 Lightning Bolt           Conj/Air       0%         1d11      100%        5
 Yara's Violent Unravell  Hex/Tmut       0%         3d3       100%        5
 Conjure Ball Lightning   Conj/Air       0%         3x3d6     100%        6
 Statue Form              Tmut/Erth      0%         N/A       100%        6
 Orb of Destruction       Conj           0%         9d5       100%        7
 Lehudib's Crystal Spear  Conj/Erth      0%         10d2      100%        8
 Call Imp                 Summ           Unusable   N/A       N/A         2
 Call Canine Familiar     Summ           Unusable   N/A       N/A         3
 Tukima's Dance           Hex            Unusable   N/A       N/A         3
 Animate Armour           Summ/Erth      Unusable   N/A       N/A         4
 Summon Cactus Giant      Summ           Unusable   N/A       N/A         6
 Summon Hydra             Summ           Unusable   N/A       N/A         7

Dungeon Overview and Level Annotations

Branches:
Dungeon (11/15)            Temple (0/1) D:6            Lair (1/5) D:10
    Orc (0/2) D:11

Altars:
Cheibriados
Nemelex Xobeh
Okawaru
Yredelemnul
Zin

Shops:
D:2 *   D:9 (

Annotations:
D:5 2 runed translucent doors
Lair:1 Sonja


Innate Abilities, Weirdness & Mutations

You have a pair of horns on your head.
You reflexively headbutt those who attack you in melee.


Message History

You feel extremely sick.
Sonja throws a curare-tipped dart.
The curare-tipped dart hits you.
You are lethally poisoned!
You have difficulty breathing.
* * * LOW HITPOINT WARNING * * *
You feel as though you will be slow longer.
You feel better.
Sonja throws a curare-tipped dart.
You block the curare-tipped dart.
Sonja throws a curare-tipped dart.
The curare-tipped dart hits you.
You are poisoned.
You have difficulty breathing.
* * * LOW HITPOINT WARNING * * *
You feel as though you will be slow longer.
Sonja throws a curare-tipped dart.
The curare-tipped dart barely misses you.
You feel very sick.
Sonja throws a curare-tipped dart.
You block the curare-tipped dart.
You feel very sick.
Sonja throws a curare-tipped dart.
The curare-tipped dart hits you.
You are more poisoned.
You have difficulty breathing.
* * * LOW HITPOINT WARNING * * *
You feel as though you will be slow longer.
* * * LOW HITPOINT WARNING * * *
You feel very sick.
Sonja hits you with a +2 short sword of distortion.
* * * LOW HITPOINT WARNING * * *
You blink.
You feel like a meek peon again.
* * * LOW HITPOINT WARNING * * *
You feel very sick.
Sonja says, "Someone hired me to kill you, but I'm not supposed to say who."
Sonja hits you with a +2 short sword of distortion.
* * * LOW HITPOINT WARNING * * *
You block Sonja's attack. Sonja hits you but does no damage.
Space warps around you.
* * * LOW HITPOINT WARNING * * *
You block Sonja's attack. Sonja hits you but does no damage.
Space warps horribly around you!!
You die...

##.# #... ## ..##
#.# ##..###.#
#....#..# ##......
## ≈ #...#.##..#.
.≈≈ ### #§.........
..≈.
#.####K@...#.#.
#...###...........#
#..........?.######
#####....#.#...##
#........?..#
#...^.####..#
#.#.<..# ##.P#
#.####.# .## #. .#
.#


You could see Sonja.

Vanquished Creatures
  Harold (D:9)
  Erica (D:10)
  A two-headed ogre (D:10)
  Lodul (D:10)
  3 ugly things
  An elephant (D:10)
  A cyclops (D:11)
  Joseph (D:9)
  Psyche (D:8)
  2 trolls
  A hornet (D:9)
  Prince Ribbit (D:9)
  A vampire (D:5)
  19 yaks
  2 wyverns
  2 steam dragons
  A basilisk (D:10)
  3 vampire mosquitoes
  4 acid dragons
  A water moccasin (D:5)
  An ice beast (D:7)
  7 black bears
  9 orc warriors
  2 sky beasts
  2 centaurs
  12 ogres
  A phantom (D:6)
  4 kobold brigands
  3 necrophages
  6 bullfrogs
  A gnoll sergeant (D:9)
  5 scorpions
  6 wights
  7 killer bees
  5 howler monkeys
  4 hounds
  A gnoll bouda (D:5)
  6 jellies
  Crazy Yiuf (D:6)
  11 orc priests
  4 iguanas
  9 orc wizards
  8 gnolls
  5 adders
  A shadow imp (D:5)
  4 white imps
  An ufetubus (D:6)
  6 worms
  2 dart slugs
  67 orcs
  5 ball pythons
  3 endoplasms
  3 giant cockroaches
  6 goblins
  2 hobgoblins
  5 jackals
  2 quokkas (D:1)
  8 bats
  5 frilled lizards
  18 kobolds
  4 rats
310 creatures vanquished.

Vanquished Creatures (others)
  An orc wizard (D:11)
  2 fungi (D:10)
  A plant (D:10)
4 creatures vanquished.

Grand Total: 314 creatures vanquished

Notes
Turn   | Place    | Note
-------+----------+-------------------------------------------
     0 | D:1      | bmack86 the Minotaur Fighter began the quest for the Orb.
     0 | D:1      | Reached XP level 1. HP: 19/19 MP: 0/0
   150 | D:1      | Reached XP level 2. HP: 23/27 MP: 1/1
   184 | D:1      | Reached skill level 3 in Axes
   517 | D:2      | Found Nixtor's General Store.
   527 | D:2      | Bought 2 boomerangs for 12 gold pieces
   527 | D:2      | Bought a scroll of identify for 24 gold pieces
   588 | D:2      | Reached XP level 3. HP: 33/33 MP: 2/2
   746 | D:2      | Found an iron altar of Okawaru.
   756 | D:2      | Became a worshipper of Warmaster Okawaru
  1229 | D:3      | Reached XP level 4. HP: 38/40 MP: 3/3
  1442 | D:3      | Reached skill level 4 in Axes
  1442 | D:3      | Reached skill level 1 in Throwing
  1686 | D:4      | Noticed a black bear
  1692 | D:4      | Killed a black bear
  1692 | D:4      | Reached * piety under Okawaru
  1693 | D:4      | Reached XP level 5. HP: 47/47 MP: 4/4
  1823 | D:4      | Noticed a black bear
  1831 | D:4      | Killed a black bear
  1832 | D:4      | Reached skill level 5 in Axes
  1832 | D:4      | Reached XP level 6. HP: 46/53 MP: 5/5
  1995 | D:4      | Found a glowing silver altar of Zin.
  1995 | D:4      | Noticed an angel
  2099 | D:4      | Reached ** piety under Okawaru
  2100 | D:4      | Reached skill level 5 in Armour
  2440 | D:5      | Entered Level 5 of the Dungeon
  2445 | D:5      | Reached skill level 5 in Fighting
  2447 | D:5      | Reached skill level 5 in Shields
  2455 | D:5      | Noticed a water moccasin
  2471 | D:5      | Killed a water moccasin
  2472 | D:5      | Reached XP level 7. HP: 27/61 MP: 6/6
  2606 | D:5      | Reached skill level 6 in Axes
  2760 | D:5      | Found a large runed translucent door.
  2761 | D:5      | Found a large runed translucent door.
  2770 | D:5      | Noticed a vampire
  2771 | D:5      | Found a large runed translucent door.
  2771 | D:5      | Found a large runed translucent door.
  2921 | D:5      | Reached *** piety under Okawaru
  2922 | D:5      | Reached skill level 7 in Axes
  2922 | D:5      | Reached XP level 8. HP: 67/70 MP: 7/7
  2970 | D:5      | Found a snail-covered altar of Cheibriados.
  3319 | D:5      | Reached skill level 8 in Axes
  3442 | D:6      | Found a staircase to the Ecumenical Temple.
  3570 | D:6      | Found a runed translucent door.
  3571 | D:6      | Noticed Crazy Yiuf
  3661 | D:6      | Reached **** piety under Okawaru
  3667 | D:6      | Reached XP level 9. HP: 50/78 MP: 8/8
  3733 | D:6      | Noticed a brown ugly thing
  3741 | D:6      | Killed a brown ugly thing
  3742 | D:6      | Reached skill level 9 in Axes
  3826 | D:6      | Found a sparkling altar of Nemelex Xobeh.
  3864 | D:6      | Identified the amulet "Eba Fiup" {Spirit rC+ Str+7}
  4036 | D:6      | Killed Crazy Yiuf
  4037 | D:6      | Reached skill level 5 in Throwing
  4156 | D:7      | Reached skill level 10 in Axes
  4200 | D:7      | Identified the +1 pair of gloves of Oxtonawu {Slay+3}
  4330 | D:7      | Reached ***** piety under Okawaru
  4331 | D:7      | Reached XP level 10. HP: 68/88 MP: 6/9
  4433 | D:7      | Identified the +3 ring mail of Zoraig {+Blink rPois}
  5691 | D:8      | Received a gift from Okawaru
  5693 | D:8      | Reached skill level 11 in Axes
  5693 | D:8      | Reached skill level 1 in Invocations
  5938 | D:8      | Noticed Psyche
  5950 | D:8      | Killed Psyche
  6376 | D:9      | Received a gift from Okawaru
  6475 | D:9      | Noticed Joseph
  6487 | D:9      | Killed Joseph
  6488 | D:9      | Reached XP level 11. HP: 97/97 MP: 10/12
  6507 | D:9      | Identified the +5 dagger "Sanoe" {drain, rF+ Str-3 Int+4}
  6602 | D:9      | Noticed Prince Ribbit
  6615 | D:9      | Killed Prince Ribbit
  6681 | D:9      | Noticed Harold
  6699 | D:9      | Killed Harold
  6699 | D:9      | Identified the +0 hat of the Teacher {Int+2} (Okawaru
                  | gifted it to you on level 9 of the Dungeon)
  6699 | D:9      | Received a gift from Okawaru
  6700 | D:9      | Reached skill level 12 in Axes
  6795 | D:9      | Found Ruostum's Antique Weapon Shoppe.
  6994 | D:9      | Paralysed by a hornet for 3 turns
  7295 | D:10     | Entered Level 10 of the Dungeon
  7534 | D:10     | Identified the ring of Fyill {Wiz +Blink rN+ Will++ Dex-3}
  7621 | D:10     | Noticed a two-headed ogre
  7622 | D:10     | Noticed Lodul
  7629 | D:10     | Killed a two-headed ogre
  7647 | D:10     | Killed Lodul
  7882 | D:10     | Noticed Erica
  7890 | D:10     | Killed Erica
  7891 | D:10     | Reached skill level 13 in Axes
  7911 | D:10     | Found a staircase to the Lair.
  7938 | D:10     | Reached skill level 10 in Armour
  8093 | D:10     | Found a basalt altar of Yredelemnul.
  8100 | D:10     | Reached skill level 10 in Fighting
  8107 | D:10     | Reached skill level 10 in Shields
  8864 | D:11     | Noticed a white ugly thing
  8871 | D:11     | Killed a white ugly thing
  8872 | D:11     | Reached XP level 12. HP: 106/106 MP: 11/14
  8981 | D:11     | Identified the +2 chain mail of Fashionability {Harm rC+}
                  | (Okawaru gifted it to you on level 11 of the Dungeon)
  8981 | D:11     | Received a gift from Okawaru
  9293 | D:11     | Found a staircase to the Orcish Mines.
  9644 | Lair:1   | Entered Level 1 of the Lair of Beasts
  9647 | Lair:1   | Noticed Sonja
  9665 | Lair:1   | HP: 5/106 [Sonja/+2 short sword of distortion (2)]
  9665 | Lair:1   | Demolished by Sonja

Illustrated notes

Levels and vault maps discovered:
D:1:      ebering_trefoil_3fold, layout_basic
D:2:      layout_basic, basic_altar, serial_shops, nicolae_shop_stone,
          minmay_misc_feat_tiny
D:3:      layout_rooms
D:4:      layout_cave_pods, zin_angel
D:5:      layout_rooms, kennysheep_slug_shrine, grunt_decor_one_mirror,
          minivault_26, minmay_hollow_rounded_squares
D:6:      minmay_cornered_nines, layout_cave_pools, kennysheep_mini_moat,
          minmay_temple_entry_statues_pillars, chequers_serial_rivers_small_a,
          uniq_crazy_yiuf_cottage
D:7:      minmay_the_grid_square_5x5_3x3 [minmay_the_grid_square_5x5_inner_i,
          minmay_the_grid_square_5x5_z, minmay_the_grid_square_5x5_inner_z,
          minmay_the_grid_square_5x5_two_small,
          minmay_the_grid_square_5x5_megaprize_hollow,
          minmay_the_grid_square_5x5_sharp_hourglass,
          minmay_the_grid_square_5x5_slash, minmay_the_grid_square_5x5_inset,
          minmay_the_grid_square_5x5_comb], layout_basic
D:8:      layout_loops_cross, nicolae_sextant, nicolae_fountain_basement,
          uniq_psyche
D:9:      layout_irregular_city, serial_shops, kennysheep_little_box,
          uniq_harold, uniq_prince_ribbit1, uniq_joseph
D:10:     layout_loops_ring, mainiacjoe_overflow_24_doors, david_lair_generic,
          st_stairs_14, uniq_lodul, uniq_erica
D:11:     layout_irregular_city, hiddenorc2_lemuel
Lair:1:   layout_loops_ring, amcnicky_mini_pool_medium, uniq_gastronok,
          uniq_sonja, uniq_amaemon

Skill      XL: |  1  2  3  4  5  6  7  8  9 10 11 |
---------------+----------------------------------+-----
Axes           | 3 4 5 7 8 10 11 13 | 13.5
Armour         | 4 5 6 8 9 10 | 10.2
Shields        | 4 5 6 7 9 10 | 10.2
Fighting       | 4 5 6 7 9 10 | 10.2
Throwing       | 1 2 3 4 5 6 7 |  7.7
Invocations    | 2 4 |  4.8

Action                   |  1- 3 |  4- 6 |  7- 9 | 10-12 || total
-------------------------+-------+-------+-------+-------++-------
Melee: War axe           |    65 |    77 |   243 |   359 ||   744
       Headbutt          |     7 |    14 |    43 |    91 ||   155
Throw: Boomerang         |    16 |     5 |       |     5 ||    26
Invok: Heroism           |       |       |     4 |     5 ||     9
       Finesse           |       |       |       |     2 ||     2
  Use: Scroll            |     9 |     1 |     9 |     5 ||    24
       Potion            |       |       |       |     1 ||     1
Armor: Scale mail        |    32 |       |       |       ||    32
       Crystal plate arm |    30 |    86 |   236 |   249 ||   601
Dodge: Dodged            |    28 |    14 |    43 |    64 ||   149
Block: Buckler           |    16 |    11 |       |       ||    27
       Kite shield       |       |    10 |   135 |   175 ||   320

Table legend: (Time is in decaauts)
 A = Elapsed time spent in this place.
 B = Non-inter-level travel time spent in this place.
 C = Inter-level travel time spent in this place.
 D = Time resting spent in this place.
 E = Time spent auto-exploring this place.
 F = Levels seen in this place.
 G = Mean time per level.
                   A        B        C        D        E       F      G
               +--------+--------+--------+--------+--------+-----+--------+
         Total |   9770 |   9471 |    299 |    318 |   6260 |  12 |  814.2 |
       Dungeon |   9742 |   9444 |    298 |    318 |   6260 |  11 |  885.6 |
          Lair |     28 |     28 |      0 |      0 |      0 |   1 |   28.0 |
               +--------+--------+--------+--------+--------+-----+--------+

Top non-repeatable levels by time:
    D:10: 1318 daAuts
     D:7: 1247 daAuts
     D:8: 1033 daAuts
     D:5: 1028 daAuts
    D:11: 1011 daAuts
     D:9: 938 daAuts
     D:4: 828 daAuts
     D:2: 735 daAuts
     D:6: 681 daAuts
     D:1: 511 daAuts
     D:3: 409 daAuts
  Lair:1: 28 daAuts
